BSA
CHICAGO MACHINE @ NIAGARA FALLS FRENZY
08/12/2025
 
TOP OF THE 1ST
Chicago Machine batting - Pitching for Niagara Falls Frenzy : LHP Tomás Fajardo
Pitching: LHP Tomás Fajardo
Batting: RHB Roberto Cardona 0-0: SOLO HOME RUN (Flyball, 8LXD), Distance : 420 ft
Batting: RHB Derek Ramsey 0-0: Foul Ball, location: 2F
0-1: Ball
1-1: Ball
2-1: Ball
3-1: Fly out, F8 (Line Drive, 8LD)
Batting: RHB Lorenzo Guzmán 0-0: Ball
1-0: Ball
2-0: Called Strike
2-1: Foul Ball, location: 2F
2-2: Ball
3-2: Strikes out swinging
Batting: LHB Eric Wheeler 0-0: Called Strike
0-1: Ball
1-1: Ball
2-1: Ground out 6-3 (Groundball, 6)
Top of the 1st over - 1 run(s), 1 hit(s), 0 error(s), 0 left on base; Chicago 1 - Niagara Falls 0
BOTTOM OF THE 1ST
Niagara Falls Frenzy batting - Pitching for Chicago Machine : RHP Nazih Kasib
Pitching: RHP Nazih Kasib
Batting: RHB Juan Carlos Rodríguez 0-0: Ball
1-0: Fly out, F6 (Popup, 5L)
Batting: LHB Clyde Yarbrough 0-0: Ball
1-0: Ground out U3 (Groundball, 3)
Batting: SHB Martín De Jesús 0-0: Ball
1-0: DOUBLE (Flyball, 89XD)
Batting: RHB Lawrence Schroeder 0-0: Foul Ball, location: 2F
0-1: Ball
1-1: DOUBLE (Flyball, 89D)
Martín De Jesús scores
Batting: LHB Jarred Jackson 0-0: Ball
1-0: Ground out 4-3 (Groundball, 4)
Bottom of the 1st over - 1 run(s), 2 hit(s), 0 error(s), 1 left on base; Chicago 1 - Niagara Falls 1
TOP OF THE 2ND
Chicago Machine batting - Pitching for Niagara Falls Frenzy : LHP Tomás Fajardo
Batting: LHB Bob Smith 0-0: Called Strike
0-1: Ball
1-1: Ball
2-1: Ball
3-1: Foul Ball, location: 2F
3-2: SINGLE (Groundball, 2R) (infield hit)
Batting: SHB Joaquín López 0-0: Swinging Strike
0-1: Swinging Strike
0-2: Ball
1-2: Ball
2-2: Ball
3-2: Foul Ball, location: 2F
3-2: Strikes out looking
Batting: RHB Manuel González 0-0: Called Strike
0-1: Foul Ball, location: 2F
0-2: SINGLE (Line Drive, 4MD)
Bob Smith to second
Batting: SHB Dave MacThomas 0-0: Called Strike
0-1: SINGLE (Line Drive, 56)
Bob Smith to third
Manuel González to second
Batting: LHB Marcos Vargas 0-0: Ball
1-0: SINGLE (Line Drive, 4MD)
Bob Smith scores
Manuel González to third
Dave MacThomas to second
Runner from 3rd tries for Home, SAFE, throw made home
Batting: RHB Roberto Cardona 0-0: Ball
Dave MacThomas steals 3rd base
Marcos Vargas to second
1-0: Ball
2-0: DOUBLE (Line Drive, 89M)
Dave MacThomas scores
Marcos Vargas scores
Batting: RHB Derek Ramsey 0-0: Called Strike
0-1: Ball
1-1: Swinging Strike
1-2: Ground out 4-3 (Groundball, 4M)
Roberto Cardona to third
Batting: RHB Lorenzo Guzmán 0-0: Ball
1-0: Ground out 5-3 (Groundball, 56)
Top of the 2nd over - 4 run(s), 5 hit(s), 0 error(s), 1 left on base; Chicago 5 - Niagara Falls 1
BOTTOM OF THE 2ND
Niagara Falls Frenzy batting - Pitching for Chicago Machine : RHP Nazih Kasib
Batting: RHB Ángel Hinojosa 0-0: Ball
1-0: Fly out, F8 (Line Drive, 8RS)
Batting: LHB Donovan Bird 0-0: Foul Ball, location: 2F
0-1: Ball
1-1: Foul Ball, location: 2F
1-2: Foul Ball, location: 2F
1-2: Ball
2-2: Ball
3-2: Foul Ball, location: 2F
3-2: Ground out 4-3 (Groundball, 4)
Batting: RHB Don Thomas 0-0: Called Strike
0-1: Foul Ball, location: 2F
0-2: Ball
1-2: Foul Ball, location: 2F
1-2: Ball
2-2: Fly out, F7 (Line Drive, 78S)
Bottom of the 2nd over - 0 run(s), 0 hit(s), 0 error(s), 0 left on base; Chicago 5 - Niagara Falls 1
TOP OF THE 3RD
Chicago Machine batting - Pitching for Niagara Falls Frenzy : LHP Tomás Fajardo
Batting: LHB Eric Wheeler 0-0: Ball
1-0: Foul Ball, location: 2F
1-1: Foul Ball, location: 2F
1-2: Ball
2-2: SINGLE (Flyball, 8RS)
Batting: LHB Bob Smith 0-0: Swinging Strike
0-1: Grounds into double play, 4-6-3 (Groundball, 4)
Batting: SHB Joaquín López 0-0: Ball
1-0: Called Strike
1-1: Called Strike
1-2: Ball
2-2: Ground out 5-3 (Groundball, 5)
Top of the 3rd over - 0 run(s), 1 hit(s), 0 error(s), 0 left on base; Chicago 5 - Niagara Falls 1
BOTTOM OF THE 3RD
Niagara Falls Frenzy batting - Pitching for Chicago Machine : RHP Nazih Kasib
Batting: RHB Gerald Burnett 0-0: Called Strike
0-1: Ball
1-1: Foul Ball, location: 2F
1-2: Foul Ball, location: 2F
1-2: Foul Ball, location: 2F
1-2: Fly out, F4 (Popup, 34D)
Batting: RHB Juan Carlos Rodríguez 0-0: Ball
1-0: Ground out 5-3 (Groundball, 56S)
Batting: LHB Clyde Yarbrough 0-0: Called Strike
0-1: Ball
1-1: Ground out 5-3 (Groundball, 56S)
Bottom of the 3rd over - 0 run(s), 0 hit(s), 0 error(s), 0 left on base; Chicago 5 - Niagara Falls 1
TOP OF THE 4TH
Chicago Machine batting - Pitching for Niagara Falls Frenzy : LHP Tomás Fajardo
Batting: RHB Manuel González 0-0: Ball
1-0: SOLO HOME RUN (Flyball, 7LD), Distance : 391 ft
Batting: SHB Dave MacThomas 0-0: Ground out 6-3 (Groundball, 6)
Batting: LHB Marcos Vargas 0-0: Called Strike
0-1: Fly out, F8 (Flyball, 8RM)
Batting: RHB Roberto Cardona 0-0: Ball
1-0: Called Strike
1-1: Foul Ball, location: 2F
1-2: Ball
2-2: Foul Ball, location: 2F
2-2: Foul Ball, location: 2F
2-2: Ground out 5-3 (Groundball, 5)
Top of the 4th over - 1 run(s), 1 hit(s), 0 error(s), 0 left on base; Chicago 6 - Niagara Falls 1
BOTTOM OF THE 4TH
Niagara Falls Frenzy batting - Pitching for Chicago Machine : RHP Nazih Kasib
Batting: SHB Martín De Jesús 0-0: Foul Ball, location: 2F
0-1: Foul Ball, location: 2F
0-2: DOUBLE (Flyball, 9D)
Batting: RHB Lawrence Schroeder 0-0: Called Strike
0-1: Called Strike
0-2: Ball
1-2: Ball
2-2: Ground out 4-3 (Groundball, 4)
Martín De Jesús to third
Pitching: RHP Jorge Hernández
Batting: LHB Jarred Jackson 0-0: Ball
1-0: Called Strike
1-1: Ball
2-1: Ball
3-1: Base on Balls
Batting: RHB Ángel Hinojosa 0-0: Fly out, F3 (Popup, 23F)
Batting: LHB Donovan Bird 0-0: Swinging Strike
0-1: Swinging Strike
0-2: Ball
1-2: Foul Ball, location: 2F
1-2: Ball
2-2: Fly out, F5 (Popup, 6)
Bottom of the 4th over - 0 run(s), 1 hit(s), 0 error(s), 2 left on base; Chicago 6 - Niagara Falls 1
TOP OF THE 5TH
Chicago Machine batting - Pitching for Niagara Falls Frenzy : LHP Tomás Fajardo
Batting: RHB Derek Ramsey 0-0: Ball
1-0: Ground out 4-3 (Groundball, 34)
Batting: RHB Lorenzo Guzmán 0-0: Called Strike
0-1: Ball
1-1: DOUBLE (Line Drive, 78XD)
Batting: LHB Eric Wheeler 0-0: Ground out 4-3 (Groundball, 4)
Lorenzo Guzmán to third
Batting: LHB Bob Smith 0-0: Ball
1-0: Ball
2-0: Fly out, F8 (Flyball, 8LM)
Top of the 5th over - 0 run(s), 1 hit(s), 0 error(s), 1 left on base; Chicago 6 - Niagara Falls 1
BOTTOM OF THE 5TH
Niagara Falls Frenzy batting - Pitching for Chicago Machine : RHP Jorge Hernández
Batting: RHB Don Thomas 0-0: Ball
1-0: Swinging Strike
1-1: Ball
2-1: Ball
3-1: Called Strike
3-2: Reached on error, E6 (Groundball, 6)
Batting: RHB Gerald Burnett 0-0: Ball
1-0: SINGLE (Line Drive, 6D)
Don Thomas to third
Batting: RHB Juan Carlos Rodríguez 0-0: Called Strike
0-1: Grounds into double play, 5-4-3 (Groundball, 5)
Don Thomas scores
Batting: LHB Clyde Yarbrough 0-0: Swinging Strike
0-1: Ball
1-1: Ball
2-1: Ground out 4-3 (Groundball, 4)
Bottom of the 5th over - 1 run(s), 1 hit(s), 1 error(s), 0 left on base; Chicago 6 - Niagara Falls 2
TOP OF THE 6TH
Chicago Machine batting - Pitching for Niagara Falls Frenzy : LHP Tomás Fajardo
Batting: SHB Joaquín López 0-0: Ball
1-0: Ball
2-0: Ground out 1-3 (Groundball, 15)
Batting: RHB Manuel González 0-0: Ball
1-0: SINGLE (Line Drive, 34D)
Batting: SHB Dave MacThomas 0-0: Ball
1-0: Grounds into double play, U6-3 (Groundball, 6)
Top of the 6th over - 0 run(s), 1 hit(s), 0 error(s), 0 left on base; Chicago 6 - Niagara Falls 2
BOTTOM OF THE 6TH
Niagara Falls Frenzy batting - Pitching for Chicago Machine : RHP Jorge Hernández
Batting: SHB Martín De Jesús 0-0: Ball
1-0: Foul Ball, location: 2F
1-1: Ball
2-1: Ball
3-1: Base on Balls
Batting: RHB Lawrence Schroeder 0-0: Ball
1-0: Called Strike
1-1: Fly out, F7 (Flyball, 78M)
Batting: LHB Jarred Jackson 0-0: Called Strike
0-1: Ball
1-1: Foul Ball, location: 2F
1-2: Foul Ball, location: 2F
1-2: Foul Ball, location: 2F
1-2: Foul Ball, location: 2F
1-2: Ball
2-2: Foul Ball, location: 2F
2-2: Foul Ball, location: 2F
2-2: Fly out, F8 (Flyball, 8RD)
Batting: RHB Ángel Hinojosa 0-0: Ball
1-0: Fielders Choice at 2nd, U6 (Groundball, 6M)
Bottom of the 6th over - 0 run(s), 0 hit(s), 0 error(s), 1 left on base; Chicago 6 - Niagara Falls 2
TOP OF THE 7TH
Chicago Machine batting - Pitching for Niagara Falls Frenzy : LHP Tomás Fajardo
Batting: LHB Marcos Vargas 0-0: Called Strike
0-1: Ball
1-1: Ball
2-1: Foul Ball, location: 2F
2-2: Ground out 1-3 (Groundball, 25)
Batting: RHB Roberto Cardona 0-0: Ball
1-0: Ball
2-0: Fly out, F9 (Flyball, 9M)
Batting: RHB Derek Ramsey 0-0: Foul Ball, location: 2F
0-1: Called Strike
0-2: Ball
1-2: Foul Ball, location: 2F
1-2: Ball
2-2: Strikes out swinging
Top of the 7th over - 0 run(s), 0 hit(s), 0 error(s), 0 left on base; Chicago 6 - Niagara Falls 2
BOTTOM OF THE 7TH
Niagara Falls Frenzy batting - Pitching for Chicago Machine : RHP Jorge Hernández
Pitching: RHP Howard Joyce
Batting: LHB Donovan Bird 0-0: Ball
1-0: Ball
2-0: Called Strike
2-1: Fly out, F7 (Flyball, 7S)
Batting: RHB Don Thomas 0-0: Called Strike
0-1: Swinging Strike
0-2: Ball
1-2: Ball
2-2: Fly out, F6 (Line Drive, 6)
Batting: RHB Gerald Burnett 0-0: Ball
1-0: DOUBLE (Flyball, 89XD)
Batting: RHB Juan Carlos Rodríguez 0-0: Ball
1-0: Ball
2-0: Fly out, F8 (Flyball, 8RXD)
Bottom of the 7th over - 0 run(s), 1 hit(s), 0 error(s), 1 left on base; Chicago 6 - Niagara Falls 2
TOP OF THE 8TH
Chicago Machine batting - Pitching for Niagara Falls Frenzy : LHP Tomás Fajardo
Pitching: RHP Armando López
Batting: RHB Lorenzo Guzmán 0-0: Foul Ball, location: 2F
0-1: Foul Ball, location: 2F
0-2: Ground out 5-3 (Groundball, 5S)
Batting: LHB Eric Wheeler 0-0: Fly out, F6 (Popup, 56D)
Batting: LHB Bob Smith 0-0: Called Strike
0-1: Called Strike
0-2: SINGLE (Line Drive, 9LS)
Batting: SHB Joaquín López 0-0: Called Strike
0-1: Ball
1-1: Called Strike
1-2: Fly out, F8 (Flyball, 8LM)
Top of the 8th over - 0 run(s), 1 hit(s), 0 error(s), 1 left on base; Chicago 6 - Niagara Falls 2
BOTTOM OF THE 8TH
Niagara Falls Frenzy batting - Pitching for Chicago Machine : RHP Howard Joyce
Batting: LHB Clyde Yarbrough 0-0: Ball
1-0: Ball
2-0: Ball
3-0: Base on Balls
Batting: SHB Martín De Jesús 0-0: Ball
1-0: Foul Ball, location: 2F
1-1: Ball
2-1: Ball
3-1: DOUBLE (Line Drive, 78XD)
Clyde Yarbrough to third
Batting: RHB Lawrence Schroeder 0-0: Called Strike
0-1: Fly out, F5 (Popup, 5SF)
Pitching: LHP Austin Wall
Batting: LHB Jarred Jackson 0-0: Foul Ball, location: 2F
0-1: Ball
1-1: Swinging Strike
1-2: Foul Ball, location: 2F
1-2: Ball
2-2: Strikes out swinging
Batting: RHB Ángel Hinojosa 0-0: Ball
1-0: Ball
2-0: Ball
3-0: Called Strike
3-1: Swinging Strike
3-2: Base on Balls
Batting: LHB Donovan Bird 0-0: Called Strike
0-1: Swinging Strike
0-2: Strikes out swinging
Bottom of the 8th over - 0 run(s), 1 hit(s), 0 error(s), 3 left on base; Chicago 6 - Niagara Falls 2
TOP OF THE 9TH
Chicago Machine batting - Pitching for Niagara Falls Frenzy : RHP Armando López
Batting: RHB Manuel González 0-0: Swinging Strike
0-1: Ball
1-1: DOUBLE (Flyball, 78XD)
Batting: SHB Dave MacThomas 0-0: Called Strike
0-1: Ball
1-1: Foul Ball, location: 2F
1-2: Strikes out swinging
Batting: LHB Marcos Vargas 0-0: Ground out 4-3 (Groundball, 4)
Manuel González to third
Batting: RHB Roberto Cardona 0-0: Fly out, F8 (Flyball, 8RD)
Top of the 9th over - 0 run(s), 1 hit(s), 0 error(s), 1 left on base; Chicago 6 - Niagara Falls 2
BOTTOM OF THE 9TH
Niagara Falls Frenzy batting - Pitching for Chicago Machine : LHP Austin Wall
Batting: RHB Don Thomas 0-0: Called Strike
0-1: SINGLE (Line Drive, 7S)
Batting: RHB Gerald Burnett 0-0: Ball
1-0: Ball
2-0: 2-RUN HOME RUN (Flyball, 8RD), Distance : 416 ft
Pitching: LHP John Lane
Batting: RHB Juan Carlos Rodríguez 0-0: Ball
1-0: Called Strike
1-1: Fly out, F7 (Flyball, 78D)
Batting: LHB Clyde Yarbrough 0-0: Called Strike
0-1: SINGLE (Flyball, 6MD)
Batting: SHB Martín De Jesús 0-0: Ball
1-0: Ball
2-0: Foul Ball, location: 2F
2-1: Foul Ball, location: 2F
2-2: Strikes out swinging
Batting: RHB Lawrence Schroeder 0-0: Fly out, F7 (Flyball, 78D)
Bottom of the 9th over - 2 run(s), 3 hit(s), 0 error(s), 1 left on base; Chicago 6 - Niagara Falls 4
This league is powered by Out of the Park Baseball, the baseball management simulation game for PC, Mac and Linux
Tuesday, August 2nd, 2016 - OOTP Baseball 16.8 Build 38